 Dungeon Crawl Stone Soup version 0.31-a0-408-gb642c7f9a3 (webtiles) character file.

Game seed: 3981594405598480613

5422 backslashecho the Mimic (level 10, -11/127 (129) HPs)
             Began as a Purple Draconian Shapeshifter on July 29, 2023.
             Was a High Priest of Uskayaw.
             Mangled by a death yak (20 damage)
             ... on level 8 of the Dungeon.
             The game lasted 00:24:18 (9412 turns).

backslashecho the Mimic (DrSh)                      Turns: 9412, Time: 00:24:19

HP:   -11/127 (129) AC: 25    Str: 17    XL:     10   Next: 40%
MP:   13/13         EV:  2    Int:  9    God:    Uskayaw [*****.]
Gold: 535           SH:  0    Dex: 16    Spells: 9/9 levels left

rFire   . .          .
                       - Unarmed
rCold   . . .        (no shield)
rNeg    . . .        (body armour unavailable)
rPois   +            (helmet currently unavailable)
rElec   .            h - melded +0 cloak
rCorr   .            (gloves currently unavailable)
SInv    +            (boots currently unavailable)
Will    +....        A - amulet of regeneration
Stlth   +            w - ring of see invisible
HPRegen 1.21/turn    (no ring)
MPRegen 0.13/turn

%: no passive effects
@: tree-form, lightly drained
A: stationary, stasis, torment immunity, boosted hp, (breathe power), AC +7,
unfitting armour, (cold-blooded)
a: Renounce Religion, Stomp, Line Pass, Grand Finale


You were on level 8 of the Dungeon.
You worshipped Uskayaw.
Uskayaw was noncommittal.
You were a tree.
You visited 2 branches of the dungeon, and saw 9 of its levels.
You also visited: Sewer.

You collected 559 gold pieces.
You spent 24 gold pieces at shops.

Inventory:

Missiles
 f - 30 poisoned darts (quivered)
 C - 4 curare-tipped darts
Armour
 h - a +0 cloak (melded)
Jewellery
 e - a ring of flight
 w - a ring of see invisible (left branch)
 A - an amulet of regeneration (around neck)
 E - an amulet of faith
Talismans
 b - a beast talisman
 o - a serpent talisman
Wands
 q - a wand of acid (17)
Scrolls
 c - a scroll of amnesia
 j - 2 scrolls of identify
 n - 3 scrolls of vulnerability
 r - a scroll of brand weapon
 s - a scroll of butterflies {unknown}
 t - a scroll of enchant armour {unknown}
 u - a scroll of immolation {unknown}
 v - a scroll of fog {unknown}
 y - a scroll of revelation {unknown}
 B - a scroll of teleportation {unknown}
Potions
 a - 2 potions of lignification
 d - 3 potions of mutation
 g - 4 potions of curing
 i - 2 potions of brilliance
 k - a potion of berserk rage
 l - 2 potions of enlightenment
 m - 2 potions of heal wounds
 p - a potion of cancellation
 x - 2 potions of invisibility
 z - 3 potions of haste
 D - a potion of ambrosia


   Skills:
 + Level 7.4 Fighting
 - Level 5.0 Dodging
 + Level 8.2 Unarmed Combat
 + Level 5.0 Invocations
 * Level 8.6 Shapeshifting


You had 9 spell levels left.
You didn't know any spells.
Your spell library contained the following spells:

 Spells                   Type           Power      Damage    Failure   Level
 Inner Flame              Hex/Fire       0%         N/A       77%         3
 Flame Wave               Conj/Fire      0%         2d4       99%         4
 Sticky Flame             Conj/Fire      0%         2d3       99%         4


Dungeon Overview and Level Annotations

Branches:
Dungeon (8/15)             Temple (1/1) D:4            Lair (0/5) D:8
  Sewer (visited)

Altars:
Ashenzari
Cheibriados
Elyvilon
Fedhas
Gozag
Hepliaklqana
Kikubaaqudgha
Nemelex Xobeh
Qazlal
Ru
Sif Muna
Trog
Uskayaw
Vehumet
Wu Jian
Xom
Yredelemnul
Zin
The Shining One

Shops:
D:3 ?

Annotations:
D:2 1 runed translucent door, exclusion: door, Crazy Yiuf


Innate Abilities, Weirdness & Mutations

You are a tree.
Your roots penetrate the ground, keeping you stationary.
You cannot be teleported.
You are immune to unholy pain and torment.
Your maximum health is greatly increased.
Your equipment is partially melded.
((You can breathe bolts of dispelling energy.))
((Your rich purple scales are hard. (AC +7)))
You cannot fit into any form of body armour.
((You are cold-blooded and may be slowed by cold attacks.))


Message History

The death yak gores you but does no damage.
You take 5 damage, and have 69/129 hp.
You hit the death yak but do no damage.
The death yak is lightly wounded.
The hell rat bites you.
You feel drained.
The death yak gores you but does no damage.
You take 1 damage, and have 68/127 hp.
You hit the death yak.
You kill the hell rat!
You punch the death yak, but do no damage.
The death yak is moderately wounded.
You pummel the death yak!!
The death yak is heavily wounded.
The death yak gores you!
You can now merge with and destroy a victim.
You take 7 damage, and have 62/127 hp.
You barely miss the death yak.
The death yak is heavily wounded.
The death yak is no longer sharing its pain.
The death yak gores you.
You take 1 damage, and have 61/127 hp.
You hit the death yak but do no damage.
You punch the death yak, but do no damage.
The death yak is heavily wounded.
The death yak gores you!
You take 14 damage, and have 47/127 hp.
You smack the death yak!
The death yak is heavily wounded.
The death yak gores you.
You take 4 damage, and have 43/127 hp.
You hit the death yak but do no damage. You punch the death yak.
The death yak is heavily wounded.
The death yak gores you!
* * * LOW HITPOINT WARNING * * *
You take 11 damage, and have 32/127 hp.
You hit the death yak.
The death yak is heavily wounded.
A hell rat comes into view.
The death yak gores you but does no damage.
The death yak gores you!
* * * LOW HITPOINT WARNING * * *
You take 11 damage, and have 21/127 hp.
You barely miss the death yak.
The death yak is heavily wounded.
You smack the death yak!
The death yak is severely wounded.
The death yak gores you!
* * * LOW HITPOINT WARNING * * *
The death yak gores you!!
You die...

........ .....>.. .......
.....#.. #. ###... .....#..
#.##.... ....... #...>..#
###.......
#......####.r....#.
####.....##Y♣Y.........
............###........
###..........##........
###........###..####...##
##........#..............#
..........#...>......##..##
.......)).#...........##..#
......."..#..........###..###
....#..#.##..........#......#


You could see 2 death yaks and a hell rat.

Vanquished Creatures
  A two-headed ogre (D:7)
  A death yak (D:8)
  Pikel (D:7)
  Maggie (D:6)
  Grinder (D:5)
  A wyvern (D:6)
  2 steam dragons (D:7)
  An acid dragon (D:8)
  A water moccasin (D:7)
  An ice beast (D:7)
  2 orc warriors
  3 centaurs
  A lemure (D:6)
  A phantom (D:5)
  2 bullfrogs
  2 kobold brigands
  3 scorpions
  10 wights
  5 killer bees (D:7)
  A howler monkey (D:7)
  2 hounds
  6 orc priests
  2 gnoll boudas
  5 iguanas
  3 orc wizards
  Terence (D:2)
  2 hell rats
  A mummy (D:5)
  A river rat (D:8)
  11 adders
  18 gnolls
  A shadow imp (D:6)
  An ufetubus (D:5)
  2 worms
  2 dart slugs
  10 orcs
  4 bats
  5 endoplasms
  2 giant cockroaches
  13 hobgoblins
  3 jackals (Sewer)
  8 quokkas
  4 ball pythons
  2 frilled lizards
  12 goblins
  2 hobgoblin zombies (D:5)
  20 kobolds
  A kobold zombie (D:5)
  An orc zombie (D:5)
  5 rats
191 creatures vanquished.

Notes
Turn   | Place    | Note
-------+----------+-------------------------------------------
     0 | D:1      | backslashecho the Draconian Shapeshifter began the quest
                  | for the Orb.
     0 | D:1      | Reached XP level 1. HP: 16/16 MP: 1/1
   131 | D:1      | Reached XP level 2. HP: 20/23 MP: 2/2
   211 | D:1      | Found a faded altar of an unknown god.
   999 | D:2      | Reached XP level 3. HP: 29/29 MP: 3/3
  1325 | D:2      | Noticed Terence
  1331 | D:2      | Killed Terence
  1332 | D:2      | Reached XP level 4. HP: 37/37 MP: 4/4
  1490 | D:2      | Found a runed translucent door.
  1491 | D:2      | Noticed Crazy Yiuf
  2073 | D:3      | Reached XP level 5. HP: 31/44 MP: 5/5
  2129 | D:3      | Found Saseit's Magic Scroll Boutique.
  2143 | D:3      | Bought a scroll of identify for 24 gold pieces
  2180 | D:3      | Found a stormy altar of Qazlal.
  2876 | D:4      | Found a glowing drain.
  2899 | Sewer    | Entered a sewer
  3000 | Sewer    | Reached XP level 6. HP: 14/51 MP: 6/6
  3155 | Sewer    | Found a white marble altar of Elyvilon.
  3596 | D:4      | Found a staircase to the Ecumenical Temple.
  3630 | Temple   | Entered the Ecumenical Temple
  3657 | D:4      | Found a sacrificial altar of Ru.
  3980 | D:4      | Your scales start taking on a rich purple colour.
  3980 | D:4      | Reached XP level 7. HP: 34/51 MP: 7/7
  4508 | D:4      | Reached skill level 5 in Unarmed Combat
  4597 | D:5      | Entered Level 5 of the Dungeon
  5234 | D:5      | Reached skill level 5 in Fighting
  5234 | D:5      | Reached XP level 8. HP: 48/68 MP: 8/8
  5328 | D:5      | Noticed Grinder
  5347 | D:5      | Reached skill level 5 in Shapeshifting
  5397 | D:5      | Killed Grinder
  5807 | D:6      | Noticed Maggie
  5808 | D:6      | Noticed a +0 hand axe
  5809 | D:6      | Noticed a +0 dagger
  5983 | D:6      | Found a hide-covered altar of Uskayaw.
  6000 | D:6      | Killed Maggie
  6001 | D:6      | Reached skill level 5 in Dodging
  6036 | D:6      | Became a worshipper of Uskayaw the Reveller
  6161 | D:6      | Reached * piety under Uskayaw
  6163 | D:6      | Reached ** piety under Uskayaw
  6168 | D:6      | Reached *** piety under Uskayaw
  6363 | D:6      | Reached **** piety under Uskayaw
  6371 | D:6      | Reached ***** piety under Uskayaw
  6374 | D:6      | Reached skill level 1 in Invocations
  6378 | D:6      | Reached XP level 9. HP: 33/74 MP: 9/9
  6381 | D:6      | Reached ****** piety under Uskayaw
  7145 | D:6      | Found a radiant altar of Vehumet.
  7148 | D:6      | Found a snail-covered altar of Cheibriados.
  7151 | D:6      | Found an ancient bone altar of Kikubaaqudgha.
  7244 | D:7      | Noticed Pikel
  7958 | D:7      | Found a glowing golden altar of the Shining One.
  8033 | D:7      | Found a glowing silver altar of Zin.
  8035 | D:7      | Found a white marble altar of Elyvilon.
  8204 | D:7      | Killed Pikel
  8242 | D:8      | Noticed a death yak
  8242 | D:8      | Noticed a death yak
  8242 | D:8      | Found a staircase to the Lair.
  8243 | D:8      | Noticed a death yak
  8287 | D:8      | Noticed a two-headed ogre
  8301 | D:7      | Killed a two-headed ogre
  8302 | D:7      | Reached XP level 10. HP: 19/84 MP: 11/13
  8527 | D:7      | HP: 4/84 [poisoned by a killer bee]
  9399 | D:8      | Killed a death yak
  9400 | D:8      | Reached skill level 5 in Invocations
  9412 | D:8      | Mangled by a death yak

Illustrated notes

Levels and vault maps discovered:
D:1:      minmay_arrival_radiant_lines, layout_basic,
          nicolae_ecumenical_lake_church
D:2:      minmay_door_path, layout_loops_ring, minmay_goblin_kobold_house,
          uniq_crazy_yiuf_cottage, uniq_terence
D:3:      layout_basic, old_standard_altar, serial_aquarium,
          aquarium_bridge_square [aquarium_subvault_bridge,
          aquarium_subvault_window, aquarium_subvault_bridge,
          aquarium_subvault_window], aquarium_bridge_straight
          [aquarium_subvault_bridge, aquarium_subvault_wall,
          aquarium_subvault_bridge, aquarium_subvault_wall], aquarium_window_2,
          aquarium_window_2, aquarium_window_1, aquarium_window_1,
          aquarium_view_2f, serial_shops, shop
D:4:      layout_loops_ring, nicolae_ru_awakened_eye,
          minmay_temple_entry_drinking_statues, cheibrodos_sewer_entry_sluice
D:5:      layout_loops_ring, minmay_mini_ossuary, uniq_grinder
D:6:      layout_cave_pools, dancing_weapons_uskayaw,
          grunt_temple_overflow_diamond, uniq_maggie
D:7:      layout_basic, good_gods_mini_temple, uniq_pikel
D:8:      layout_rooms, lightli_temple_of_fire, dpeg_lair_monsters,
          nicolae_shop_self_help
Temple:   eino_temple_lava

Skill      XL: |  1  2  3  4  5  6  7  8  9 10 |
---------------+-------------------------------+-----
Dodging        | 2 3 4 5 |  5.0
Fighting       | 2 3 4 5 6 7 |  7.4
Unarmed Combat | 4 5 6 7 8 |  8.2
Shapeshifting  | 4 6 8 |  8.6
Invocations    | 1 4 5 |  5.0

Action                     |  1- 3 |  4- 6 |  7- 9 | 10-12 || total
---------------------------+-------+-------+-------+-------++-------
  Melee: Unarmed           |    80 |   194 |   261 |    84 ||   619
         Tailslap          |     6 |    25 |    43 |    10 ||    84
         Punch             |     3 |     4 |    10 |     8 ||    25
  Throw: Dart              |       |     2 |     6 |     1 ||     9
Ability: Breathe Dispellin |       |       |     7 |     1 ||     8
  Evoke: Wand              |       |       |     1 |       ||     1
    Use: Scroll            |     3 |     8 |     3 |     1 ||    15
         Potion            |       |     1 |     2 |     1 ||     4
   Stab: Paralysed         |       |       |     4 |     6 ||    10
         Sleeping          |       |       |     1 |       ||     1
 Armour: Skin              |    24 |    41 |    56 |    27 ||   148
  Dodge: Dodged            |    51 |   130 |   141 |    70 ||   392
         Form:             |       |     1 |       |       ||     1
         Beast             |       |     1 |       |       ||     1

Table legend: (Time is in decaauts)
 A = Elapsed time spent in this place.
 B = Non-inter-level travel time spent in this place.
 C = Inter-level travel time spent in this place.
 D = Time resting spent in this place.
 E = Time spent auto-exploring this place.
 F = Levels seen in this place.
 G = Mean time per level.
                   A        B        C        D        E       F      G
               +--------+--------+--------+--------+--------+-----+--------+
         Total |   9392 |   8738 |    654 |   2260 |   4371 |  10 |  939.2 |
       Dungeon |   9069 |   8415 |    654 |   2260 |   4194 |   8 | 1133.6 |
        Temple |      1 |      1 |      0 |      0 |      0 |   1 |    1.0 |
         Sewer |    320 |    320 |      0 |      0 |    176 |   1 |  320.0 |
               +--------+--------+--------+--------+--------+-----+--------+

Top non-repeatable levels by time:
     D:5: 1713 daAuts
     D:7: 1705 daAuts
     D:4: 1454 daAuts
     D:2: 974 daAuts
     D:3: 970 daAuts
     D:1: 948 daAuts
     D:6: 882 daAuts
     D:8: 418 daAuts
   Sewer: 320 daAuts
  Temple: 1 daAuts
